 Dungeon Crawl Stone Soup version 0.29-a0-911-g88e6f02907 (webtiles) character file.

Game seed: 9468836932247822645

103 nicolae the Changer (level 4, 0/28 HPs)
             Began as an Octopode Transmuter on July 26, 2022.
             Slain by a gnoll
             ... wielding a +0 spear
              (8 damage)
             ... on level 3 of the Dungeon.
             The game lasted 00:04:50 (2721 turns).

nicolae the Changer (Octopode Transmuter)           Turns: 2721, Time: 00:04:51

Health: 0/28       AC:  1    Str:  9    XL:     4   Next: 79%
Magic:  7/7        EV: 13    Int: 17    God:
Gold:   68         SH:  0    Dex: 12    Spells: 1/7 levels left

rFire   . . .      SeeInvis .     - Unarmed
rCold   . . .      Faith    .   (no shield)
rNeg    . . .      Spirit   .   (helmet currently unavailable)
rPois   .          Reflect  .   (no amulet)
rElec   .          Harm     .   (no ring)
rCorr   .          Rampage  .   (no ring)
Will    .....                   (no ring)
Stlth   ++........              (no ring)
HPRegen 0.09/turn               (no ring)
MPRegen 0.10/turn               (no ring)
                                (no ring)
                                (no ring)

@: appendages (expiring)
A: tentacle spike 3, almost no armour, amphibious, 8 rings, camouflage 1,
gelatinous body 1, (nimble swimmer 1), tentacles
a: End Transformation


You were on level 3 of the Dungeon.
One of your tentacles had grown a beastly spike.
You visited 1 branch of the dungeon, and saw 3 of its levels.

You collected 68 gold pieces.

Inventory:

Missiles
 b - 2 poisoned darts
 i - 6 boomerangs
Jewellery
 f - an amulet of faith
Scrolls
 c - a scroll of noise {unknown}
 e - 2 scrolls of teleportation
Potions
 a - a potion of lignification
 d - a potion of curing
 g - a potion of brilliance
 h - a potion of haste


   Skills:
 - Level 1.0 Fighting
 - Level 2.0 Dodging
 - Level 3.0 Unarmed Combat
 - Level 2.0 Spellcasting
 + Level 4.8 Transmutations


You had one spell level left.
You knew the following spells:

 Your Spells              Type           Power      Damage    Failure   Level
a - Beastly Appendage     Tmut           36%        N/A       2%          1
b - Wereblood             Tmut           18%        N/A       4%          2
c - Spider Form           Tmut/Pois      9%         N/A       22%         3

Your spell library contained the following spells:

 Spells                   Type           Power      Damage    Failure   Level
 Ice Form                 Ice/Tmut       9%         N/A       56%         4


Dungeon Overview and Level Annotations

Branches:
Dungeon (3/15)

Altars:
Ashenzari
Makhleb
Zin


Innate Abilities, Weirdness & Mutations

One of your tentacles has grown a beastly spike.
You cannot wear most types of armour.
You are amphibious.
You can wear up to eight rings at the same time.
Your skin changes colour to match your surroundings (Stealth+).
Your rubbery body absorbs attacks. (AC +1, EV +1)
((You are camouflaged when in or above water. (Stealth+)))
You have tentacles for arms and can constrict up to eight enemies at once.


Message History

The gnoll shouts!
You tentacle-slap the gnoll. Your grab misses the gnoll.
The gnoll is moderately wounded.
The gnoll barely misses you.
You tentacle-slap the gnoll but do no damage.
Your grab misses the gnoll.
Your tentacle spike misses the gnoll.
The gnoll is heavily wounded.
The gnoll hits you with a +0 flail!
You tentacle-slap the gnoll but do no damage.
Your grab misses the gnoll.
Your tentacle-slap misses the gnoll.
The gnoll is heavily wounded.
The gnoll completely misses you.
You closely miss the gnoll. Your grab misses the gnoll.
Your tentacle spike misses the gnoll.
You squeeze the gnoll.
The gnoll is almost dead.
You tentacle-slap the gnoll.
You kill the gnoll!
Your transformation is almost over.
Throw: 5 darts (poison)
Press: ? - help, Shift-Dir - straight line, f - gnoll
Aim: a gnoll, wielding a +0 spear (60% to hit)
You throw a poisoned dart. The poisoned dart hits the gnoll.
The gnoll barely misses you.
Throw: 4 darts (poison)
Press: ? - help, Shift-Dir - straight line, f/p - gnoll
Aim: a gnoll, wielding a +0 spear (60% to hit)
You throw a poisoned dart.
The poisoned dart closely misses the gnoll.
The gnoll hits you from afar with a +0 spear!
* * * LOW HITPOINT WARNING * * *
You feel better.
The gnoll hits you from afar with a +0 spear.
* * * LOW HITPOINT WARNING * * *
Throw: 3 darts (poison)
Press: ? - help, Shift-Dir - straight line, f/p - gnoll
Aim: a gnoll, wielding a +0 spear (60% to hit)
You throw a poisoned dart. The poisoned dart hits the gnoll.
The gnoll is poisoned.
The gnoll hits you from afar with a +0 spear!
You die...

#........# #...
.....(...# ..#
#........# #.#
#......(†###..#
######.)(....#
###..).## ###..#g.##
#...##...####
#.#####.@...# ###
##....# ### #....#
###2### #....# #.###.#
#....#
####._..#####.)..#
##......#.......#.#
#...'...'.......#..#
##...#...#.......##...


You could see a gnoll (poisoned).

Vanquished Creatures
  3 gnolls (D:3)
  2 adders
  A worm (D:2)
  6 bats
  7 endoplasms
  A giant cockroach (D:1)
  4 goblins
  4 hobgoblins
  3 jackals (D:1)
  3 quokkas
  5 ball pythons
  4 frilled lizards
  4 kobolds
  5 rats
52 creatures vanquished.

Notes
Turn   | Place    | Note
-------+----------+-------------------------------------------
     0 | D:1      | nicolae the Octopode Transmuter began the quest for the
                  | Orb.
     0 | D:1      | Reached XP level 1. HP: 13/13 MP: 3/3
   473 | D:1      | Reached XP level 2. HP: 17/18 MP: 3/5
   531 | D:1      | Learned a level 2 spell: Wereblood
   705 | D:1      | Reached skill level 3 in Transmutations
   980 | D:1      | Reached XP level 3. HP: 23/23 MP: 4/6
   984 | D:1      | Learned a level 3 spell: Spider Form
  1682 | D:2      | Reached skill level 4 in Transmutations
  2239 | D:2      | Reached XP level 4. HP: 28/28 MP: 7/7
  2528 | D:3      | Found a broken altar of Ashenzari.
  2622 | D:3      | Found a burning altar of Makhleb.
  2623 | D:3      | Noticed a balrug
  2627 | D:3      | Found a glowing silver altar of Zin.
  2627 | D:3      | Noticed an angel
  2721 | D:3      | Slain by a gnoll

Illustrated notes

Levels and vault maps discovered:
D:1:      lightli_arrival_maybe_door_vault, layout_basic
D:2:      layout_rooms, minmay_puff
D:3:      layout_rooms, grunt_temple_overflow_order_and_chaos_2,
          evilmike_ruin_ashenzari, hellmonk_ecumenical_altar_heavens_door

Skill      XL: |  1  2  3 |
---------------+----------+-----
Transmutations | 3 4 |  4.8
Fighting       | |  1.0
Dodging        | |  2.0
Unarmed Combat | |  3.0
Spellcasting   | |  2.0

Action                   |  1- 3 |  4- 6 || total
-------------------------+-------+-------++-------
Melee: Unarmed           |    85 |    20 ||   105
       Constrict         |    28 |     3 ||    31
       Kick              |    22 |     4 ||    26
       Tentacles         |     9 |     5 ||    14
       Punch             |     4 |       ||     4
Throw: Dart              |       |    10 ||    10
 Cast: Beastly Appendage |    21 |     7 ||    28
       Wereblood         |     3 |       ||     3
  Use: Scroll            |     3 |     1 ||     4
       Potion            |       |     1 ||     1
 Stab: Sleeping          |     6 |     1 ||     7
Armor: Skin              |     3 |     3 ||     6
Dodge: Dodged            |    44 |    12 ||    56

Table legend: (Time is in decaauts)
 A = Elapsed time spent in this place.
 B = Non-inter-level travel time spent in this place.
 C = Inter-level travel time spent in this place.
 D = Time resting spent in this place.
 E = Time spent auto-exploring this place.
 F = Levels seen in this place.
 G = Mean time per level.
                   A        B        C        D        E       F      G
               +--------+--------+--------+--------+--------+-----+--------+
         Total |   2714 |   2667 |     47 |    562 |   1564 |   3 |  904.7 |
       Dungeon |   2714 |   2667 |     47 |    562 |   1564 |   3 |  904.7 |
               +--------+--------+--------+--------+--------+-----+--------+

Top non-repeatable levels by time:
     D:1: 1339 daAuts
     D:2: 1158 daAuts
     D:3: 217 daAuts
